 Dungeon Crawl Stone Soup version 0.24-a0-115-gd155597 (console) character file.

Game seed: 1338983040805143052

534 Duffy the Cleaver (level 7, -4/60 HPs)
             Began as a Naga Gladiator on Feb 16, 2019.
             Killed from afar by a white imp (9 damage)
             ... with a puff of frost
             ... summoned by Natasha
             ... on level 4 of the Dungeon.
             The game lasted 00:02:14 (2411 turns).

Duffy the Cleaver (Naga Gladiator)                  Turns: 2411, Time: 00:02:15

Health: -4/60      AC:  5    Str: 16    XL:     7   Next: 25%
Magic:  0/7        EV:  9    Int: 10    God:
Gold:   33         SH:  0    Dex: 13    Spells: 6/6 levels left

rFire    . . .     SeeInvis +   a - +0 war axe
rCold    . . .     Gourm    .   (no shield)
rNeg     . . .     Faith    .   g - +0 ring mail (curse)
rPois    +         Spirit   +   c - +0 helmet
rElec    .         Reflect  .   (no cloak)
rCorr    .         Harm     .   (no gloves)
MR       .....                  (no barding)
Stlth    +.........             b - amulet of guardian spirit
HPRegen  0.20/turn              (no ring)
MPRegen  0.10/turn              (no ring)

@: short of breath, very slow
A: large, see invisible, deformed body, poison resistance, slowness 2, slow
metabolism 1, spit poison 1, AC +2
a: Spit Poison


You were on level 4 of the Dungeon.
You were not hungry.

You visited 1 branch of the dungeon, and saw 6 of its levels.
You also visited: Sewer.

You collected 33 gold pieces.

Inventory:

Hand Weapons
 a - a +0 war axe (weapon)
Missiles
 d - 3 throwing nets (quivered)
Armour
 c - a +0 helmet (worn)
 g - a cursed +0 ring mail (worn)
Magical Staves
 k - an uncursed staff of conjuration {!a}
Jewellery
 b - an amulet of guardian spirit (around neck)
Wands
 o - a wand of scattershot (3)
 p - a wand of paralysis (12)
Scrolls
 j - 3 scrolls of identify {unknown}
 m - a scroll of enchant weapon {unknown}
 q - a scroll of teleportation {unknown}
 s - a scroll of blinking {unknown}
Potions
 e - 3 potions of flight {unknown}
 h - a potion of might {unknown}
 i - 2 potions of curing {unknown}
 l - a potion of heal wounds {unknown}
 n - a potion of magic {unknown}
 r - a potion of haste {unknown}
Comestibles
 f - 2 rations


   Skills:
 - Level 2.0 Fighting
 + Level 8.1 Axes
 - Level 1.7 Throwing
 - Level 2.4 Dodging


You had 6 spell levels left.
You didn't know any spells.
Your spell library was empty.

Dungeon Overview and Level Annotations

Branches:
Dungeon (6/15)
 Temple: D:4-7

Altars:

Annotations:
D:4 Natasha


Innate Abilities, Weirdness & Mutations

You cannot wear boots.
Your serpentine skin is tough. (AC +2)
You have supernaturally acute eyesight. (SInv)
Armour fits poorly on your strangely shaped body.
Your system is resistant to poisons. (rPois)
You cover ground very slowly.
You have a slow metabolism.
You can spit poison.


Message History

Natasha is lightly wounded.
You closely miss the white imp.
You have got your breath back.
The white imp hits you but does no damage.
Natasha zaps a wand.
The puff of flame hits you.
Press: ? - help, Shift-Dir - straight line, f/p - white imp
Aim: a white imp (almost dead, summoned)
The splash of poison hits the white imp.
The white imp completely resists.
The white imp is almost dead.
You feel slightly more hungry.
The white imp grinds its teeth.
The white imp gestures at you. The puff of frost hits you. Natasha claws you!
You slash Natasha!
Natasha is almost dead.
You barely miss the white imp. The white imp gestures at you.
The puff of frost hits you!
You die...

...........).[>#
##.........###.#
#.........# #.#
#.........# #.#
#.........# #.#
###.........+........
#...........###.#####
#..h..####### #..
#..@5.# ### #.%...#
#.....# ............#
.........##....
.........#......
...... .........#
..... #....#
.........# .....
##....# .........#
...


You could see Natasha and a white imp.

Vanquished Creatures
  A sky beast (D:5)
  An ogre (D:4)
  A big kobold (Sewer)
  A howler monkey (D:4)
  A crimson imp (D:6)
  An orc priest (D:4)
  An orc wizard (D:5)
  A centaur skeleton (D:5)
  Natasha (twice) (D:4)
  A worker ant zombie (D:5)
  An adder (D:6)
  2 river rats
  A shadow imp (D:5)
  2 worms
  A dart slug (D:4)
  2 leopard geckos (D:4)
  3 orcs
  3 bats
  A giant cockroach (D:4)
  A hobgoblin (D:1)
  3 jackals
  A kobold (Sewer)
  2 frilled lizards (D:5)
  A giant cockroach zombie (D:6)
  2 goblins (D:1)
  5 rats
42 creatures vanquished.

Notes
Turn   | Place    | Note
-------+----------+-------------------------------------------
     0 | D:1      | Duffy the Naga Gladiator began the quest for the Orb.
     0 | D:1      | Reached XP level 1. HP: 19/19 MP: 1/1
   468 | D:3      | You fall through a shaft!
   493 | D:4      | Reached XP level 2. HP: 20/26 MP: 2/2
   497 | D:5      | Entered Level 5 of the Dungeon
   576 | D:5      | Reached skill level 4 in Axes
   576 | D:5      | Reached XP level 3. HP: 23/32 MP: 3/3
   735 | D:4      | Reached XP level 4. HP: 14/39 MP: 1/4
   863 | D:4      | Noticed an ogre
   984 | D:6      | Found a glowing drain.
  1003 | D:6      | Reached skill level 5 in Axes
  1267 | Sewer    | Entered a sewer
  1404 | Sewer    | Noticed a big kobold
  1421 | Sewer    | Killed a big kobold
  1421 | Sewer    | Reached skill level 6 in Axes
  1421 | Sewer    | Reached XP level 5. HP: 38/45 MP: 3/5
  1471 | Sewer    | Found a white marble altar of Elyvilon.
  1650 | D:5      | Reached XP level 6. HP: 42/52 MP: 6/6
  1850 | D:5      | Noticed a sky beast
  1856 | D:5      | Killed a sky beast
  1856 | D:5      | Reached skill level 7 in Axes
  1957 | D:4      | Noticed Natasha
  1971 | D:4      | Killed Natasha
  2088 | D:4      | Reached XP level 7. HP: 13/60 MP: 2/7
  2098 | D:5      | Reached skill level 8 in Axes
  2385 | D:4      | Noticed Natasha
  2396 | D:4      | Killed Natasha
  2402 | D:4      | Noticed Natasha
  2411 | D:4      | Killed from afar by a white imp

Levels and vault maps discovered:
D:1:      evilmike_arrival_crescent, layout_basic
D:2:      minmay_razor_zed, layout_loops_ring, first_ration,
          chequers_serial_rivers_micro_e, uniq_crazy_yiuf_cottage
D:3:      layout_basic, regret_index_temple_of_mockery, uniq_grinder,
          uniq_sigmund
D:4:      layout_basic, trog_eyes_of_draining, minitemple, serial_shops,
          nicolae_shop_statue_plus, uniq_ijyb, uniq_natasha, uniq_duvessa
D:5:      old_forge, layout_rooms, kiku_gazebo_pond_becter,
          minmay_temple_entry_offerings, uniq_pikel
D:6:      layout_basic, old_standard_altar, cheibrodos_sewer_entry_sluice,
          dk_xom_monty_hall
Sewer:    sewer_kobolds

Skill      XL: |  1  2  3  4  5  6  7 |
---------------+----------------------+-----
Axes           | 4 6 7 8 |  8.1
Fighting       | |  2.0
Throwing       | |  1.7
Dodging        | |  2.4

Action                   |  1- 3 |  4- 6 |  7- 9 || total
-------------------------+-------+-------+-------++-------
Melee: War axe           |    30 |   133 |    21 ||   184
 Abil: Spit Poison       |     6 |     4 |     3 ||    13
  Eat: Chunk             |       |     3 |     1 ||     4
Armor: Ring mail         |    17 |    43 |     7 ||    67
       Leather armour    |     2 |       |       ||     2
Dodge: Dodged            |    16 |    55 |    14 ||    85

Table legend:
 A = Non-vault XP
 B = Vault XP
 C = Vault XP percentage of total XP
 D = Non-vault monster count
 E = Vault monster count
 F = Vault count percentage of total count
                 A         B        C        D         E       F
            +---------+---------+-------+---------+---------+-------
      Total |     586 |     177 |  23.2 |      29 |      13 |  31.0
            +---------+---------+-------+---------+---------+-------
        D:1 |       6 |       0 |   0.0 |       4 |       0 |   0.0
        D:2 |       2 |       0 |   0.0 |       1 |       0 |   0.0
        D:4 |     262 |      35 |  11.8 |       9 |       1 |  10.0
        D:5 |     251 |       0 |   0.0 |      10 |       0 |   0.0
        D:6 |      65 |      21 |  24.4 |       5 |       4 |  44.4
      Sewer |       0 |     121 | 100.0 |       0 |       8 | 100.0
            +---------+---------+-------+---------+---------+-------
